 Dungeon Crawl Stone Soup version 0.19.1 (webtiles) character file.

181 Ladykiller69 the Slasher (level 5, -1/46 HPs)
             Began as a Minotaur Abyssal Knight on Dec 6, 2016.
             Was a Priest of Lugonu.
             Slain by Natasha (4 damage)
             ... on level 3 of the Dungeon.
             The game lasted 00:04:34 (1938 turns).

Ladykiller69 the Slasher (Minotaur Abyssal Knight)  Turns: 1938, Time: 00:04:34

Health: -1/46      AC: 11    Str: 16    XL:     5   Next: 34%
Magic:  2/6        EV:  5    Int:  9    God:    Lugonu [***...]
Gold:   157        SH:  0    Dex: 11    Spells: 0 memorised, 4 levels left

rFire  . . .     SeeInvis .     a - +1 falchion
rCold  . . .     Gourm    .     g - +0 plate armour
rNeg   . . .     Faith    .     (no shield)
rPois  .         Spirit   .     (helmet restricted)
rElec  .         Reflect  .     (no cloak)
rCorr  .         Harm     .     (no gloves)
MR     .....                    (no boots)
Stlth  ..........               (no amulet)
                                (no ring)
                                (no ring)

@: slowed, very slow
A: retaliatory headbutt, horns 2
a: Depart the Abyss, Bend Space, Banish, Renounce Religion


You were on level 3 of the Dungeon.
You worshipped Lugonu.
Lugonu was most pleased with you.
You were hungry.

You visited 1 branch of the dungeon, and saw 3 of its levels.
You visited the Abyss 1 time.

You collected 157 gold pieces.

Inventory:

Hand Weapons
 a - a +1 falchion (weapon)
Missiles
 j - 144 stones (quivered)
Armour
 b - a +0 leather armour
 g - a +0 plate armour (worn)
Jewellery
 o - an uncursed ring of protection from fire {unknown}
Scrolls
 e - 2 scrolls of remove curse {unknown}
 f - 4 scrolls of identify {unknown}
 k - a scroll of enchant weapon {unknown}
 l - a scroll of immolation {unknown}
 n - a scroll of recharging {unknown}
Potions
 m - a potion of agility {unknown}
 p - 3 potions of brilliance {unknown}
 q - a potion of lignification {unknown}
 s - a potion of resistance {unknown}
Comestibles
 c - 3 bread rations
 d - 6 fruits
 h - a beef jerky
 i - a slice of pizza
 r - 2 chunks of flesh


   Skills:
 - Level 4.0 Fighting
 * Level 4.6 Long Blades
 + Level 3.5 Armour
 + Level 2.3 Dodging
 + Level 2.9 Invocations


You had 4 spell levels left.
You didn't know any spells.

Dungeon Overview and Level Annotations

Branches:
Dungeon (3/15)

Altars:

Annotations:
D:3 1 runed door, Natasha, Purgy


Innate Abilities, Weirdness & Mutations

You reflexively headbutt those who attack you in melee.
You have a pair of horns on your head.


Message History

Purgy barely misses you. Space bends around you!
You blink.
* * * LOW HITPOINT WARNING * * *
Natasha stares at you and mumbles some strange words.
You feel yourself slow down.
The crimson imp disappears in a puff of smoke!
Purgy bites you.
* * * LOW HITPOINT WARNING * * *
Purgy claws you but does no damage. x2
Natasha stares at you and mumbles some strange words.
The magic dart hits you!
Natasha growls.
Natasha claws you.
* * * LOW HITPOINT WARNING * * *
Purgy bites you but does no damage. Purgy claws you but does no damage.
Purgy claws you.
* * * LOW HITPOINT WARNING * * *
You see here a leather armour.
You fail to use your ability.
Natasha claws you.
You die...

#..# ♣....♣ #>...#
...# ##..## #....#
...###....# #....#
...#......# #....#
...###...#####....#
.....#....†.......#
.##...########....#
..#.#.## #.hT##
.##....# #.#@.#
.####..## #.##.#
........# #.##.#
.......#######.##.#
#.###.............#
# ####.#####.####
#.<.###.# ###..##.#
##§.#.#


You could see Purgy and Natasha.

Vanquished Creatures
  Ijyb (D:2)
  Natasha (D:3)
  A worker ant (D:3)
  5 adders
  2 oozes
  A worm (D:3)
  2 dart slugs (D:1)
  A leopard gecko (D:1)
  8 bats
  5 giant cockroaches
  4 goblins
  6 hobgoblins
  3 frilled lizards
  8 kobolds
  6 rats
54 creatures vanquished.

Notes
Turn   | Place    | Note
-------+----------+-------------------------------------------
     0 | Abyss:1  | Ladykiller69 the Minotaur Abyssal Knight began the quest for the Orb.
     0 | Abyss:1  | Reached XP level 1. HP: 19/19 MP: 1/1
    10 | D:1      | Escaped the Abyss
   189 | D:1      | Reached XP level 2. HP: 23/27 MP: 2/2
   310 | D:1      | Reached ** piety under Lugonu
   451 | D:1      | Reached XP level 3. HP: 30/33 MP: 3/3
   871 | D:2      | Noticed Ijyb
   883 | D:2      | Killed Ijyb
  1187 | D:2      | Reached XP level 4. HP: 40/40 MP: 4/4
  1586 | D:3      | Noticed Natasha
  1597 | D:3      | Killed Natasha
  1649 | D:3      | Reached *** piety under Lugonu
  1670 | D:3      | Reached XP level 5. HP: 38/46 MP: 6/6
  1728 | D:3      | Found a runed door.
  1888 | D:3      | Noticed Purgy
  1895 | D:3      | Noticed Natasha
  1938 | D:3      | Slain by Natasha

Skill      XL: |  1  2  3  4 |
---------------+-------------+-----
Invocations    | 2 |  2.9
Fighting       | 4 |  4.0
Long Blades    | 3 4 |  4.6
Armour         | 3 |  3.5
Dodging        | 2 |  2.3

Action                   |  1- 3 |  4- 6 || total
-------------------------+-------+-------++-------
Melee: Falchion          |    83 |    69 ||   152
       Headbutt          |    10 |     7 ||    17
Invok: Bend Space        |       |     7 ||     7
  Eat: Chunk             |     1 |     2 ||     3
Armor: Leather armour    |     7 |       ||     7
       Plate armour      |    44 |    74 ||   118
Dodge: Dodged            |    33 |    33 ||    66
       Rpst.: Falchion   |     7 |     6 ||    13
